 Dungeon Crawl Stone Soup version 0.23-a0-582-g1b4a0ca (webtiles) character file.

43 zishaf the Digger (level 3, -1/26 HPs)
             Began as a Formicid Earth Elementalist on Dec 17, 2018.
             Killed by divine providence
             ... invoked by an orc priest
              (13 damage)
             ... on level 2 of the Dungeon.
             The game lasted 00:04:34 (1492 turns).

zishaf the Digger (Formicid Earth Elementalist)     Turns: 1492, Time: 00:04:35

Health: -1/26      AC:  5    Str: 12    XL:     3   Next: 82%
Magic:  5/6        EV: 11    Int: 15    God:
Gold:   75         SH:  0    Dex: 11    Spells: 3/7 levels left

rFire    . . .     SeeInvis +   (no weapon)
rCold    . . .     Gourm    .   (no shield)
rNeg     . . .     Faith    .   i - +0 ring mail
rPois    .         Spirit   .   (helmet unavailable)
rElec    .         Reflect  .   (no cloak)
rCorr    .         Harm     .   (no gloves)
MR       .....                  (no boots)
Stlth    +.........             (no amulet)
HPRegen  0.08/turn              h - ring of teleportation (curse)
MPRegen  0.10/turn              (no ring)

@: no status effects
A: permanent stasis, dig shafts and tunnels, four strong arms, antennae 3
a: Dig, Shaft Self


You were on level 2 of the Dungeon.
You were not hungry.

You visited 1 branch of the dungeon, and saw 2 of its levels.

You collected 75 gold pieces.

Inventory:

Missiles
 b - 39 stones (quivered)
 m - 4 tomahawks
Armour
 c - a +0 robe
 i - a +0 ring mail (worn)
 j - a +0 shield
 l - a cursed +0 leather armour
Jewellery
 h - a cursed ring of teleportation (left hand)
Scrolls
 a - a scroll of remove curse {unknown}
 e - 3 scrolls of enchant weapon {unknown}
Potions
 f - a potion of curing {unknown}
 k - a potion of might
Comestibles
 d - 4 rations
 g - 8 chunks of flesh


   Skills:
 + Level 1.0 Fighting
 + Level 0.9 Armour
 - Level 2.0 Dodging
 - Level 3.0 Stealth
 + Level 0.6 Shields
 * Level 2.5 Spellcasting
 + Level 0.3 Conjurations
   Level 1.1 Transmutations
 + Level 4.0 Earth Magic


You had 3 spell levels left.
You knew the following spells:

 Your Spells              Type           Power        Failure   Level  Hunger
a - Sandblast             Erth           ##....       9%          1    #......
b - Stone Arrow           Conj/Erth      #.....       52%         3    ###....

Your spell library contained the following spells:

 Spells                   Type           Power        Failure   Level  Hunger
 Passwall                 Tmut/Erth      #.......     26%         2    ###....
 Petrify                  Tmut/Erth      #.......     86%         4    #####..
 Lee's Rapid Deconstruct  Erth           ##........   94%         5    ######.


Dungeon Overview and Level Annotations

Branches:
Dungeon (2/15)

Altars:


Innate Abilities, Weirdness & Mutations

You cannot be hasted, slowed, berserked, paralysed or teleported.
You can dig through walls and to a lower floor.
Your four strong arms can wield two-handed weapons with a shield.
You have a pair of large antennae on your head. (SInv)


Message History

Confirm with . or Enter, or press ? or * to list all spells.
Aiming: Sandblast (safe; 9% risk of failure)
Press: ? - help, Shift-Dir - straight line, f - adder
Aim: an adder The blast of sand hits the adder.
The adder is almost dead.
b - 39 stones The orc shouts!
The orc priest shouts!
The orc priest begins to cast a cantrip, but forgets the words!
The adder bites you.
The orc priest mumbles some strange prayers to Beogh against you.
Beogh smites you!
Ouch! That really hurt!
A rat comes into view.
You hear a shout!
The adder bites you.
The orc priest calls down the wrath of Beogh upon you.
Beogh smites you!
Ouch! That really hurt!
You die...

###
#.##...###.#
#.###.## .#
#...(.# #
#..####
#.....#
##.##.#
#.##.# #.##.#
#.##@#
#.##S##
#.#.#o..#
#.....o.###
#.###....{#.#
#.......#
#o....###
......###
..{.#...#


You could see an orc priest, an adder and 2 orcs.

Vanquished Creatures
  2 worms (D:2)
  A leopard gecko (D:1)
  An orc (D:2)
  3 giant cockroaches
  A goblin (D:1)
  6 hobgoblins
  2 jackals (D:1)
  5 kobolds
  A ball python (D:1)
  5 bats
  4 frilled lizards
  2 rats (D:2)
33 creatures vanquished.

Notes
Turn   | Place    | Note
-------+----------+-------------------------------------------
     0 | D:1      | zishaf the Formicid Earth Elementalist began the quest for
                  | the Orb.
     0 | D:1      | Reached XP level 1. HP: 13/13 MP: 3/3
   492 | D:1      | Reached XP level 2. HP: 20/20 MP: 3/5
  1063 | D:1      | Reached XP level 3. HP: 25/25 MP: 6/6
  1273 | D:2      | Reached skill level 1 in Fighting
  1273 | D:2      | Reached skill level 4 in Earth Magic
  1291 | D:2      | Learned a level 3 spell: Stone Arrow
  1492 | D:2      | Killed from afar by an orc priest

Vault maps used:
D:1:      dpeg_arrival_snail, chequers_jeans
D:2:      minitemple, first_ration, chequers_serial_rivers_small_a

Skill      XL: |  1  2  3 |
---------------+----------+-----
Stealth        | 3 |  3.0
Dodging        | 2 |  2.0
Fighting       | 1 |  1.0
Earth Magic    | 4 |  4.0
Armour         | |  0.9
Shields        | |  0.6
Spellcasting   | |  2.5
Conjurations   | |  0.3
Transmutations | |  1.1

Action                   || total
-------------------------++-------
Melee: Unarmed           ||    38
 Cast: Sandblast         ||    39
  Eat: Chunk             ||     2
Armor: Robe              ||     3
       Ring mail         ||    14
Dodge: Dodged            ||    38

Table legend:
 A = Non-vault XP
 B = Vault XP
 C = Vault XP percentage of total XP
 D = Non-vault monster count
 E = Vault monster count
 F = Vault count percentage of total count
                 A         B        C        D         E       F
            +---------+---------+-------+---------+---------+-------
      Total |      62 |       0 |   0.0 |      33 |       0 |   0.0
            +---------+---------+-------+---------+---------+-------
        D:1 |      30 |       0 |   0.0 |      18 |       0 |   0.0
        D:2 |      32 |       0 |   0.0 |      15 |       0 |   0.0
            +---------+---------+-------+---------+---------+-------
